 Dungeon Crawl Stone Soup version 0.29-a0-25-g7f48f510a0 (webtiles) character file.

Game seed: 8811750710710794577

175 bande the Covered (level 5, -3/33 HPs)
             Began as a Gargoyle Fighter on Feb 1, 2022.
             Killed by nerve-wracking pain
             ... invoked by an orc priest
              (7 damage)
             ... on level 2 of the Dungeon.
             The game lasted 00:05:49 (3415 turns).

bande the Covered (Gargoyle Fighter)                Turns: 3415, Time: 00:05:50

Health: -3/33      AC: 18    Str: 19    XL:     5   Next: 55%
Magic:  5/5        EV:  7    Int:  9    God:
Gold:   55         SH:  4    Dex: 11    Spells: 4/4 levels left

rFire   + . .      SeeInvis .   e - +1 hand axe (freeze)
rCold   . . .      Faith    .   c - +0 buckler
rNeg    + . .      Spirit   .   j - +2 chain mail {rF+}
rPois   ∞          Reflect  .   b - +1 helmet
rElec   +          Harm     .   (no cloak)
rCorr   .          Rampage  .   g - +0 pair of gloves
Will    .....                   (no boots)
Stlth   ..........              (no amulet)
HPRegen 0.11/turn               (no ring)
MPRegen 0.09/turn               (no ring)

@: no status effects
A: sickness immunity, AC +4, negative energy resistance 1, electricity
resistance, torment resistance 1, petrification resistance
a: no special abilities


You were on level 2 of the Dungeon.
You visited 1 branch of the dungeon, and saw 3 of its levels.

You collected 55 gold pieces.

Inventory:

Hand Weapons
 a - a +0 war axe
 e - a +1 hand axe of freezing (weapon)
 k - a +0 flail
Armour
 b - a +1 helmet (worn)
 c - a +0 buckler (worn)
 g - a +0 pair of gloves (worn)
 j - a +2 chain mail of fire resistance (worn)
Scrolls
 f - a scroll of identify {unknown}
 h - 2 scrolls of amnesia {unknown}
 i - a scroll of summoning {unknown}
Potions
 d - a potion of might
 l - a potion of heal wounds {unknown}


   Skills:
 + Level 4.0 Fighting
 + Level 3.6 Axes
 + Level 4.3 Armour
 + Level 3.8 Shields


You had 4 spell levels left.
You didn't know any spells.
Your spell library contained the following spells:

 Spells                   Type           Power      Damage    Failure   Level
 Blink                    Tloc           0%         N/A       100%        2
 Lesser Beckoning         Tloc           0%         N/A       100%        3
 Manifold Assault         Tloc           0%         N/A       100%        5


Dungeon Overview and Level Annotations

Branches:
Dungeon (3/15)

Altars:

Annotations:
D:3 1 runed translucent door, Crazy Yiuf


Innate Abilities, Weirdness & Mutations

You are immune to sickness and miasma.
Your stone body is resilient. (AC +4)
You are immune to poison.
You resist negative energy. (rN+)
You are resistant to electric shocks. (rElec)
You are resistant to unholy torment.
You are immune to petrification.


Message History

A puff of flame appears from out of thin air!
Deactivating autopickup; reactivate with Ctrl-A.
The puff of flame hits you. You resist.
There is a stone staircase leading up here.
The orc hits you but does no damage. The orc priest closely misses you.
You climb upwards.
Reactivating autopickup.
There is a stone staircase leading down here.
You hit the orc priest. You freeze the orc priest.
The orc priest is moderately wounded.
You hit the orc. You freeze the orc. The orc hits you with a +0 trident.
The orc priest calls upon Beogh to heal the orc.
The orc's wounds heal themselves!
You barely miss the orc priest.
The orc priest is moderately wounded.
You closely miss the orc. The orc hits you but does no damage.
The orc priest mumbles some strange prayers to Beogh against you.
Pain shoots through your body! The orc hits you but does no damage.
You closely miss the orc priest.
The orc priest is moderately wounded.
You hit the orc. You freeze the orc.
The orc priest casts a cantrip, but nothing happens.
The orc hits you but does no damage.
The orc priest invokes the aid of Beogh against you.
Beogh smites you!
Unknown command.
You barely miss the orc priest.
The orc priest is moderately wounded.
You barely miss the orc. The orc hits you with a +0 trident.
* * * LOW HITPOINT WARNING * * *
The orc priest hits you with a +0 morningstar.
* * * LOW HITPOINT WARNING * * *
Unknown command.
You closely miss the orc priest.
The orc priest is moderately wounded.
You hit the orc. You freeze the orc.
You kill the orc!
The orc priest calls down the wrath of Beogh upon you.
Pain shoots through your body!
You die...

# #...# # #####'##########
###..............#
..#..............#
..#..............#
.........#########
.............# #############
.............#####...........#
...............)@#.########.##
.............###o#.# #.#
.............# #.#.# #.#
.........##### #.#.# #.#
##.......# #.#.# #.#
##.......# #.#.# #.#
.######'########.#.# #.#
.#...##............# #.#
.+....+............########.#


You could see an orc priest.

Vanquished Creatures
  An orc priest (D:2)
  An orc wizard (D:3)
  3 gnolls (D:2)
  An adder (D:2)
  A worm (D:2)
  2 dart slugs (D:1)
  13 orcs
  7 bats
  3 endoplasms
  3 giant cockroaches
  3 goblins
  4 hobgoblins
  3 jackals (D:1)
  2 kobolds (D:2)
  6 quokkas
  6 ball pythons
  2 frilled lizards (D:1)
  3 rats
64 creatures vanquished.

Notes
Turn   | Place    | Note
-------+----------+-------------------------------------------
     0 | D:1      | bande the Gargoyle Fighter began the quest for the Orb.
     0 | D:1      | Reached XP level 1. HP: 14/14 MP: 1/1
   164 | D:1      | Reached XP level 2. HP: 18/19 MP: 2/2
   779 | D:1      | Reached XP level 3. HP: 18/24 MP: 3/3
  1384 | D:2      | Reached XP level 4. HP: 13/29 MP: 4/4
  1789 | D:2      | Found a faded altar of an unknown god.
  2441 | D:3      | Reached XP level 5. HP: 12/33 MP: 5/5
  2800 | D:3      | Found a runed translucent door.
  2801 | D:3      | Noticed Crazy Yiuf
  3415 | D:2      | Killed from afar by an orc priest

Illustrated notes

Levels and vault maps discovered:
D:1:      erik_arrival_cave_to_civilisation [erik_arrival_cave_to_hall],
          layout_rooms, serial_aquarium, aquarium_bridge_long_joined
          [aquarium_subvault_bridge, aquarium_subvault_bridge,
          aquarium_subvault_window, aquarium_subvault_balcony,
          aquarium_subvault_bridge, aquarium_subvault_window],
          aquarium_bridge_square [aquarium_subvault_window,
          aquarium_subvault_wall, aquarium_subvault_wall,
          aquarium_subvault_bridge], aquarium_window_corridor_1,
          aquarium_window_1, aquarium_window_2, aquarium_window_2,
          aquarium_view_2c, aquarium_pool_2, st_stairs_8
D:2:      layout_basic, dreamdust_ecumenical_altar_statues
D:3:      layout_basic, mainiacjoe_overflow_24_doors, grunt_ministairs_10,
          uniq_pargi, uniq_crazy_yiuf_cottage, uniq_sigmund

Skill      XL: |  1  2  3  4 |
---------------+-------------+-----
Axes           | 2 3 |  3.6
Armour         | 4 |  4.3
Fighting       | 4 |  4.0
Shields        | |  3.8

Action                   |  1- 3 |  4- 6 || total
-------------------------+-------+-------++-------
Melee: War axe           |    96 |    80 ||   176
       Hand axe          |       |    21 ||    21
Armor: Scale mail        |    38 |       ||    38
       Plate armour      |    61 |    88 ||   149
       Chain mail        |       |    27 ||    27
Dodge: Dodged            |    53 |    23 ||    76
Block: Buckler           |    30 |    15 ||    45

Table legend: (Time is in decaauts)
 A = Elapsed time spent in this place.
 B = Non-inter-level travel time spent in this place.
 C = Inter-level travel time spent in this place.
 D = Time resting spent in this place.
 E = Time spent auto-exploring this place.
 F = Levels seen in this place.
 G = Mean time per level.
                   A        B        C        D        E       F      G
               +--------+--------+--------+--------+--------+-----+--------+
         Total |   3494 |   3431 |     63 |   1158 |   1632 |   3 | 1164.7 |
       Dungeon |   3494 |   3431 |     63 |   1158 |   1632 |   3 | 1164.7 |
               +--------+--------+--------+--------+--------+-----+--------+

Top non-repeatable levels by time:
     D:2: 1543 daAuts
     D:1: 1245 daAuts
     D:3: 704 daAuts
